 Dungeon Crawl Stone Soup version 0.27.1-33-g824d729ab1 (webtiles) character file.

Game seed: 16378816385663686093

7 pkoi the Insei (level 1, -2/19 HPs)
             Began as a Draconian Monk on Dec 8, 2021.
             Frozen to death by an endoplasm (5 damage)
             ... on level 2 of the Dungeon.
             The game lasted 00:00:23 (281 turns).

pkoi the Insei (Draconian Monk)                      Turns: 281, Time: 00:00:23

Health: -2/19      AC:  5    Str: 13    XL:     1   Next: 91%
Magic:  1/1        EV: 12    Int: 10    God:
Gold:   0          SH:  0    Dex: 13    Spells: 0/0 levels left

rFire    . . .     SeeInvis .     - Unarmed
rCold    . . .     Faith    .   (no shield)
rNeg     . . .     Spirit   .   (armour unavailable)
rPois    .         Reflect  .   (helmet restricted)
rElec    .         Harm     .   d - +0 cloak
rCorr    .         Rampage  .   (no gloves)
Will     .....                  (no boots)
Stlth    ++........             (no amulet)
HPRegen  0.06/turn              (no ring)
MPRegen  0.07/turn              (no ring)

@: no status effects
A: AC +4, unfitting armour, cold-blooded
a: no special abilities


You were on level 2 of the Dungeon.
You visited 1 branch of the dungeon, and saw 2 of its levels.

Inventory:

Armour
 d - a +0 cloak (worn)
Scrolls
 c - a scroll of noise {unknown}
Potions
 a - a potion of ambrosia {unknown}
 b - a potion of flight {unknown}


   Skills:
 - Level 3.2 Fighting
 - Level 2.6 Dodging
 - Level 1.7 Stealth
 + Level 3.5 Unarmed Combat


You couldn't memorise any spells.
You didn't know any spells.
Your spell library was empty.

Dungeon Overview and Level Annotations

Branches:
Dungeon (1/15)

Altars:


Innate Abilities, Weirdness & Mutations

Your plain brown scales are hard. (AC +4)
You cannot fit into any form of body armour.
You are cold-blooded and may be slowed by cold attacks.


Message History

The orc hits you with a +0 mace.
* * * LOW HITPOINT WARNING * * *
An endoplasm comes into view.
The ball python closely misses you. The ball python barely misses you.
The endoplasm quivers.
The ball python misses you. The ball python grabs you.
The ball python constricts you. The endoplasm hits you.
* * * LOW HITPOINT WARNING * * *
You escape the ball python's grasp.
You barely miss the ball python.
The ball python bites you but does no damage.
The ball python misses you. x2; The ball python grabs you.
The ball python constricts you.
You hit the ball python but do no damage.
The ball python bites you.
* * * LOW HITPOINT WARNING * * *
The ball python constricts you.
* * * LOW HITPOINT WARNING * * *
You hit the ball python.
The ball python is moderately wounded.
The ball python closely misses you. The ball python constricts you.
* * * LOW HITPOINT WARNING * * *
You hit the ball python.
The ball python is severely wounded.
The ball python bites you but does no damage.
The ball python constricts you.
You barely miss the ball python.
The ball python is severely wounded.
The ball python closely misses you. The ball python constricts you.
You hit the ball python but do no damage.
The ball python is severely wounded.
The ball python closely misses you. The ball python constricts you.
* * * LOW HITPOINT WARNING * * *
You barely miss the ball python. You tail-slap the ball python.
You kill the ball python!
You hit the endoplasm but do no damage. You completely miss the endoplasm.
The endoplasm freezes you.
You are frozen.
You die...

.........#....#
.........##...####
#................#
##............##...
###.....#.#....#..
###.............
##....###...#
#####.# ...#
#.@JoJ# #S.#
#.###.# .. #. #.#
#. #.# #. #.. ..
### .# .


You could see an orc and 2 endoplasms.

Vanquished Creatures
  A ball python (D:2)
  2 bats (D:1)
  2 goblins (D:1)
  A frilled lizard (D:1)
  A rat (D:1)
7 creatures vanquished.

Notes
Turn   | Place    | Note
-------+----------+-------------------------------------------
     0 | D:1      | pkoi the Draconian Monk began the quest for the Orb.
     0 | D:1      | Reached XP level 1. HP: 19/19 MP: 1/1
   249 | D:1      | You fall into a shaft and drop 1 floor!
   281 | D:2      | Frozen to death by an endoplasm

Illustrated notes

Levels and vault maps discovered:
D:1:      dpeg_arrival_orchard, layout_loops_cross,
          dreamdust_ecumenical_altar_hidden_monk_grotto,
          hangedman_decor_slide_cut
D:2:      layout_rooms

Action                   || total
-------------------------++-------
Melee: Unarmed           ||    31
       Tailslap          ||     3
 Stab: Sleeping          ||     1
Armor: Skin              ||     8
Dodge: Dodged            ||    28
